 Dungeon Crawl Stone Soup version 0.22.1-2-g9c5b331 (webtiles) character file.

249 Fang the Chopper (level 6, -5/38 HPs)
             Began as a Gargoyle Berserker on Dec 17, 2018.
             Was a Priest of Trog.
             Slain by Blork the orc
             ... wielding a +0 war axe
              (6 damage)
             ... on level 3 of the Dungeon.
             The game lasted 00:02:56 (3055 turns).

Fang the Chopper (Gargoyle Berserker)               Turns: 3055, Time: 00:02:57

Health: -5/38      AC: 13    Str: 22    XL:     6   Next: 12%
Magic:  6/6        EV:  8    Int:  8    God:    Trog [***...]
Gold:   118        SH:  0    Dex:  9    Spells: 5/5 levels left

rFire    + . .     SeeInvis .   r - +0 war axe
rCold    + . .     Gourm    .   (no shield)
rNeg     + . .     Faith    .   h - +0 chain mail
rPois    ∞         Spirit   .   (no helmet)
rElec    +         Reflect  .   d - scarf {rC+ rF+}
rCorr    .         Harm     .   (no gloves)
MR       .....                  (no boots)
Stlth    ..........             (no amulet)
HPRegen  0.12/turn              (no ring)
MPRegen  0.10/turn              (no ring)

@: berserk cooldown, slowed, very slow
A: negative energy resistance 1, electricity resistance, unbreathing,
petrification resistance, rot immunity, AC +4
a: Berserk, Trog's Hand, Renounce Religion


You were on level 3 of the Dungeon.
You worshipped Trog.
Trog was most pleased with you.
You were near starving.

You visited 1 branch of the dungeon, and saw 4 of its levels.
You also visited: Sewer.

You collected 118 gold pieces.

Inventory:

Hand Weapons
 r - a +0 war axe (weapon)
Armour
 d - a scarf of resistance (worn)
 h - a +0 chain mail (worn)
Jewellery
 a - an uncursed ring of protection from cold {unknown}
Scrolls
 b - a scroll of random uselessness {unknown}
 e - 2 scrolls of identify {unknown}
 i - 2 scrolls of blinking {unknown}
 k - a scroll of remove curse {unknown}
 p - 4 scrolls of fear {unknown}
 q - a scroll of amnesia {unknown}
 t - a scroll of teleportation {unknown}
 u - a scroll of magic mapping {unknown}
Potions
 f - a potion of agility {unknown}
 g - 4 potions of curing {unknown}
 j - a potion of cancellation {unknown}
 l - 2 potions of lignification {unknown}
 m - 3 potions of might {unknown}
 n - 3 potions of flight {unknown}
 o - a potion of brilliance {unknown}
 s - 2 potions of heal wounds {unknown}
Comestibles
 c - 7 rations


   Skills:
 + Level 4.3 Fighting
 + Level 4.8 Axes
 + Level 3.6 Armour
 + Level 1.9 Dodging
 + Level 0.3 Stealth


You had 5 spell levels left.
You didn't know any spells.
Your spell library was empty.

Dungeon Overview and Level Annotations

Branches:
Dungeon (4/15)
 Temple: D:4-7

Altars:
Sif Muna

Annotations:
D:4 Blork the orc


Innate Abilities, Weirdness & Mutations

You are resistant to torment.
Your stone body is resilient. (AC +4)
You are immune to poison.
You resist negative energy. (rN+)
You are resistant to electric shocks. (rElec)
You can survive without breathing.
You are immune to petrification.
You are immune to rotting.


Message History

You hear some strange, mumbled words.
A magic dart appears from out of thin air!
The magic dart hits you! Something hits you but does no damage.
You can move again.
Something hits you but does no damage. Something hits you.
Something hits you but does no damage. x2
Something hits you!
* * * LOW HITPOINT WARNING * * *
There is a stone staircase leading up here.
Something hits you but does no damage.
You climb upwards.
There is a stone staircase leading down here.
You start resting.
Something hits you.
* * * LOW HITPOINT WARNING * * *
Something hits you but does no damage.
You start resting.
Something hits you.
* * * LOW HITPOINT WARNING * * *
Something hits you.
You die...

#########.#
#.............
#.........#
#.###########.
#.######### #.# #.
#.# #.# ## #.# ### #
#.# #.## # #.#
######..## #
#.######........####
##
#.....##.@...♣...'.#
#.
#####.##........##.#
## #.#######))##..#
# #.####.##.##..###
#.#....##'##....#
#.#.##.#.(##.##.#
#.#.##.#.###.##.#
#.#.##.......##.#
#.#.##....#####.#


There were no monsters in sight!

Vanquished Creatures
  A big kobold (Sewer)
  Robin (D:3)
  5 adders
  3 oozes (Sewer)
  4 worms
  6 leopard geckos
  7 orcs
  4 bats
  7 giant cockroaches
  7 hobgoblins
  10 jackals
  10 kobolds
  2 ball pythons
  5 frilled lizards
  9 goblins
  A leopard gecko skeleton (D:3)
  9 rats
91 creatures vanquished.

Notes
Turn   | Place    | Note
-------+----------+-------------------------------------------
     0 | D:1      | Fang the Gargoyle Berserker began the quest for the Orb.
     0 | D:1      | Reached XP level 1. HP: 14/14 MP: 1/1
   211 | D:1      | Reached XP level 2. HP: 19/19 MP: 2/2
   662 | D:2      | Reached XP level 3. HP: 23/23 MP: 3/3
   689 | D:2      | Reached ** piety under Trog
  1799 | D:3      | Reached XP level 4. HP: 29/29 MP: 4/4
  1888 | D:3      | Found a deep blue altar of Sif Muna.
  2037 | D:3      | Found a glowing drain.
  2057 | Sewer    | Entered a sewer
  2119 | Sewer    | Reached XP level 5. HP: 30/33 MP: 5/5
  2332 | Sewer    | Noticed a big kobold
  2346 | Sewer    | Killed a big kobold
  2671 | D:3      | Noticed Robin
  2675 | D:3      | Reached *** piety under Trog
  2680 | D:3      | Killed Robin
  2680 | D:3      | Reached XP level 6. HP: 38/38 MP: 6/6
  3029 | D:4      | Noticed Blork the orc
  3054 | D:3      | HP: 1/38 [something (4)]
  3055 | D:3      | Slain by Blork the orc

Skill      XL: |  1  2  3  4  5 |
---------------+----------------+-----
Axes           | 3 4 |  4.8
Armour         | 3 |  3.6
Fighting       | 4 |  4.3
Dodging        | |  1.9
Stealth        | |  0.3

Action                   |  1- 3 |  4- 6 || total
-------------------------+-------+-------++-------
Melee: Hand axe          |   156 |       ||   156
       War axe           |       |   188 ||   188
Invok: Berserk           |       |     2 ||     2
  Eat: Chunk             |     1 |     7 ||     8
Armor: Animal skin       |    13 |       ||    13
       Chain mail        |    85 |   155 ||   240
Dodge: Dodged            |    85 |    91 ||   176
